Map: Traitor's Exile

Players

PureLegacy

  • Race: Terran Terran
  • Spawn Location: 6:00

Doberman

  • Race: Terran Terran
  • League: Gold
  • Spawn Location: 5:00

Brainiac

  • Race: Zerg Zerg
  • Spawn Location: 12:00

Proterg

  • Race: Zerg Zerg
  • League: Diamond
  • Spawn Location: 9:00

VOD

Have the link to the VOD?

Description

Time

  • Played on: Dec. 4, 2018, 8:43 p.m.
  • Length: 7:15
Show
View Real Time Build Order
Export as new Build Order

PureLegacy Terran 

Build Orders:  

Get SALT Encoding   

  12  0:03  SCV  
  13  0:15  SCV  
  14  0:22  Supply Depot  
  14  0:27  SCV  
  15  0:36  Refinery  
  15  0:44  SCV  
  15  0:47  Barracks  
  16  0:56  SCV  
  17  1:04  Barracks  
  17  1:18  Barracks  
  17  1:23  SCV  
  18  1:35  Reaper  
  19  1:42  Orbital Command  
  19  1:49  Refinery  
  19  1:53  Reaper  
  20  2:05  Supply Depot  
  20  2:09  Reaper  
  20  2:14  Reaper  
  22  2:27  Reaper, Bunker  
  23  2:30  SCV  
  24  2:49  Reaper  
  24  2:50  Reaper  
  23  3:08  Reaper  
  23  3:09  Barracks x2  
  24  3:15  Supply Depot  
  24  3:34  Reaper x2  
  19  3:42  Reaper  
  15  3:59  Reaper  
  13  4:13  SCV  
  13  4:15  Reaper x2  
  16  4:27  Reaper  
  17  4:32  SCV  
  16  4:46  SCV  
  17  4:58  SCV  
  17  5:10  SCV  
  17  5:15  Reaper  
  18  5:22  SCV  
  10  5:59  Orbital Command  
Show
View Real Time Build Order
Export as new Build Order

Doberman Terran 

Build Orders:  

Get SALT Encoding   

  12  0:01  SCV  
  13  0:13  SCV  
  14  0:19  Supply Depot  
  14  0:25  SCV  
  15  0:48  Barracks  
  15  0:51  SCV  
  16  0:58  Barracks  
  16  1:03  SCV  
  17  1:06  Refinery  
  17  1:15  Refinery  
  17  1:17  Supply Depot  
  17  1:20  SCV  
  18  1:41  Bunker  
  18  1:55  Marine  
  18  1:59  Barracks Reactor  
  19  2:02  SCV  
  20  2:13  Marine  
  20  2:14  SCV  
  22  2:26  SCV  
  23  2:31  Marine  
  23  2:33  Factory  
  24  2:37  Marine x2  
  26  2:48  Supply Depot  
  26  2:52  Orbital Command  
  27  2:59  Barracks Tech Lab  
  27  3:01  Marine  
  27  3:02  Marine  
  28  3:25  Factory Tech Lab  
  28  3:50  Marine  
  28  3:51  Marine  
  28  3:53  Siege Tank  
  33  4:08  Marine  
  33  4:09  Marine  
  35  4:25  Siege Tank  
  35  4:26  Marine  
  39  4:36  Marine  
  40  4:44  Marine  
  41  4:54  Marine  
  42  5:02  Marine  
  42  5:06  Engineering Bay  
  43  5:12  Supply Depot, Marine  
  44  5:19  Marine  
  45  5:24  Marine  
  47  5:41  Marine x2  
  47  5:42  Marine  
  49  5:54  Missile Turret  
  49  5:58  Starport  
  49  5:59  Marine x2  
  49  6:00  Marine  
  52  6:18  Marine x2  
  52  6:19  Marine  
  55  6:27  Siege Tank  
  58  6:36  Marine x2  
  58  6:37  Marine  
  58  6:38  Starport Reactor  
  61  6:44  Supply Depot  
  61  6:54  Marine x2  
Show
View Real Time Build Order
Export as new Build Order

Brainiac Zerg 

Build Orders: Pool Only, Ravager All-In 

Get SALT Encoding   

  12  0:01  Drone  
  13  0:08  Drone  
  14  0:26  Spawning Pool  
  13  0:30  Drone  
  13  0:33  Extractor  
  13  0:36  Drone  
  14  0:45  Overlord  
  14  0:50  Extractor  
  14  0:51  Drone  
  14  1:04  Drone x2  
  16  1:15  Roach Warren  
  15  1:20  Zergling x2  
  16  1:31  Overlord  
  16  1:56  Roach x2  
  16  1:57  Roach  
  22  2:17  Ravager x3  
  22  2:20  Roach  
  26  2:36  Roach  
  28  2:42  Ravager  
  29  3:16  Ravager  
  27  3:48  Roach x3  
  26  4:10  Roach x2  
  26  4:16  Ravager x3  
  28  4:24  Overlord  
  25  4:46  Ravager x2  
  25  4:48  Overlord x2  
  27  5:00  Spine Crawler  
  27  5:05  Queen  
  28  5:09  Roach  
  28  5:10  Roach  
  32  5:31  Ravager x2  
  32  5:33  Drone x2  
  36  6:22  Roach  
  36  6:31  Queen  
  38  6:32  Drone  
  38  7:00  Spore Crawler  
Show
View Real Time Build Order
Export as new Build Order

Proterg Zerg 

Build Orders: Pool First 

Get SALT Encoding   

  12  0:02  Drone  
  13  0:09  Drone  
  14  0:19  Overlord  
  14  0:26  Extractor  
  14  0:27  Drone  
  14  0:38  Drone x2  
  16  0:45  Drone  
  17  0:53  Spawning Pool  
  16  1:00  Drone  
  17  1:17  Drone  
  18  1:36  Hatchery  
  18  1:39  Metabolic Boost  
  18  1:47  Zergling x6  
  20  1:57  Queen  
  22  2:20  Overlord  
  22  2:25  Overlord  
  21  2:41  Zergling x4  
  22  2:46  Zergling x2  
  22  2:48  Queen  
  22  2:49  Drone  
  25  2:56  Zergling x2  
  26  3:00  Zergling x2  
  27  3:09  Zergling x2  
  28  3:16  Zergling x2  
  28  3:17  Zergling x4  
  28  3:18  Zergling x2  
  32  3:27  Zergling x2  
  30  3:33  Lair  
  30  3:40  Drone x2  
  30  3:41  Drone  
  30  4:02  Zergling x8  
  29  4:12  Zergling x14  
  36  4:22  Evolution Chamber  
  35  4:25  Zergling x4  
  37  4:35  Zergling x4  
  39  4:47  Zergling x4  
  41  4:53  Zerg Ground Armor Level 1  
  41  4:58  Zergling x2  
  41  4:59  Zergling x2  
  43  5:01  Spore Crawler  
  37  5:20  Zergling x2  
  37  5:21  Zergling x6  
  40  5:31  Queen x2  
  44  5:37  Drone, Overlord  
  37  5:52  Zergling x12  
  41  6:02  Zergling x6  
  44  6:15  Zergling x2  
  44  6:16  Zergling x6  
  48  6:25  Hydralisk Den  
  46  6:57  Drone x5  
Tags
 
Add a new tag
Caveats
  • Supply blocks, unpowered buildings, or Contaminate may cause inaccurate times.
  • Supply counts are checked every 10 seconds.